 Dungeon Crawl Stone Soup version 0.15.0-23-gc2b521c (console) character file.

254 gw the Ruffian (level 5, -3/53 HPs)
             Began as a Troll Monk on Sept 10, 2014.
             Slain by Sigmund
             ... wielding a +0 scythe
              (8 damage)
             ... on Level 4 of the Dungeon.
             The game lasted 00:02:59 (3994 turns).

gw the Ruffian (Troll Monk)                         Turns: 3994, Time: 00:02:59

HP  -3/53        AC  5     Str 19      XL: 5   Next: 91%
MP   2/2         EV 11     Int  6      God:
Gold 0           SH  0     Dex 13      Spells:  0 memorised,  4 levels left

rFire  . . .     SeeInvis .       - Unarmed
rCold  . . .     Clarity  +     a - +0 robe
rNeg   . . .     rCorr    .     (shield restricted)
rPois  .         rRot     .     (helmet restricted)
rElec  .         Spirit   .     (no cloak)
SustAb .         Warding  .     (gloves unavailable)
rMut   .         Stasis   .     (boots unavailable)
Gourm  +                        (no amulet)
MR     .....                    (no ring)
                                (no ring)

@: not resistant to hostile enchantments, very unstealthy
A: unfitting armour, claws 3, talons 1, blurry vision 1, clarity, fast
metabolism 3, gourmand, regeneration 2, saprovore 2, shaggy fur 1, tough skin 2
a: no special abilities


You were on level 4 of the Dungeon.
You were not hungry.

You visited 1 branch of the dungeon, and saw 4 of its levels.

Inventory:

Missiles
 d - 80 stones (quivered)
Armour
 a - a +0 robe (worn)
Comestibles
 f - 2 fruits
 g - a bread ration
 h - a royal jelly
 m - 2 meat rations
Scrolls
 b - a scroll of identify
 l - a scroll of amnesia
Potions
 c - a potion of poison {unknown}
 k - a potion of curing


   Skills:
 + Level 3.3 Fighting
 + Level 2.0 Throwing
 + Level 3.3 Dodging
 - Level 1.1 Stealth
 * Level 5.4 Unarmed Combat


You had 4 spell levels left.
You didn't know any spells.

Dungeon Overview and Level Annotations

Branches:
Dungeon (4/15)
 Temple: D:4-7

Altars:
Kikubaaqudgha

Shops:
D:4 :

Annotations:
D:4 Sigmund


Innate Abilities, Weirdness & Mutations

You are too large for most types of armour.
You have claws for hands.
Your metabolism is lightning-fast.
You like to eat raw meat.
You heal very quickly.
You can eat rotten meat.
You are covered in fur (AC +1).
You have very tough skin (AC +2).
You have sharp toenails.
Your vision is a little blurry.
You possess an exceptional clarity of mind.


Message History

The orc wizard hits you but does no damage.
ATTACK MOVE TO (0,-1)
You completely miss the orc wizard.
The orc wizard is severely wounded.
The orc wizard hits you but does no damage.
Something hits you! The orc wizard barely misses you.
ATTACK MOVE TO (0,-1)
You scratch the orc wizard but do no damage.
The orc wizard is severely wounded.
The orc wizard barely misses you.
ATTACK MOVE TO (0,-1)
You claw the orc wizard!
You kill the orc wizard!
Your Throwing skill increases to level 2!
Something hits you.
ATTACK MOVE TO (1,0)
The magic dart hits you!
ATTACK MOVE TO (-1,0)
Something hits you!
You die...

#..... #...o
#... #..#
##..# #..#
... ###.!##
....###
##..)).##
......#. #
###$...T..#
...o..... ##
##.........#
......... .#
#.......)..##
.....o... .##
#...........#
......>(((
..##
#...........#
......oo.[
#..#
#..}.}......#
#.........
##.##
#...\.......#
....5g..#
##.##
#..}.}......#
........#
##.##
#...........#
........#


There were no monsters in sight!

Table legend:
 A = Turns spent in this place as a percentage of turns spent in the entire game.
 B = Non-inter-level travel turns spent in this place as a percentage of non-inter-level travel turns spent in the entire game.
 C = Inter-level travel turns spent in this place as a percentage of turns spent in this place.
 D = Turns resting spent in this place as a percentage of non-inter-level travel turns spent in this place.
 E = Turns spent auto-exploring this place as a percentage of non-inter-level travel turns spent in this place.
 F = Non-inter-level travel turns spent in this place divided by the number of levels of this place that you've seen.
                   A       B       C       D       E      F
               +-------+-------+-------+-------+-------+----------------------
         Total | 100.0 | 100.0 |   3.0 |   3.0 |  10.9 | 417.2
       Dungeon | 100.0 | 100.0 |   3.0 |   3.0 |  10.9 | 417.2
               +-------+-------+-------+-------+-------+----------------------

Table legend:
 A = Kills in this place as a percentage of kills in entire the game.
 B = Kills by you in this place as a percentage of kills by you in the entire game.
 C = Kills by friends in this place as a percentage of kills by friends in the entire game.
 D = Other kills in this place as a percentage of other kills in the entire game.
 E = Experience gained in this place as a percentage of experience gained in the entire game.
 F = Experience gained in this place divided by the number of levels of this place that you have seen.
                   A       B       C       D       E      F
               +-------+-------+-------+-------+-------+----------------------
         Total | 100.0 | 100.0 |  -nan |  -nan | 100.0 |  91.0
       Dungeon | 100.0 | 100.0 |  -nan |  -nan | 100.0 |  91.0
               +-------+-------+-------+-------+-------+----------------------

Vanquished Creatures
  3 orc wizards (D:4)
  An iguana (D:4)
  4 adders
  A gnoll (D:1)
  A worm (D:2)
  5 giant geckos
  An ooze (D:1)
  6 orcs (D:3)
  2 giant cockroaches
  8 goblins
  6 hobgoblins
  2 quokkas
  15 bats
  5 giant newts
  A hobgoblin skeleton (D:4)
  4 jackals (D:3)
  10 kobolds
  12 rats
87 creatures vanquished.

Notes
Turn   | Place    | Note
--------------------------------------------------------------
     0 | D:1      | gw, the Troll Monk, began the quest for the Orb.
     0 | D:1      | Reached XP level 1. HP: 22/22 MP: 1/1
    69 | D:1      | Reached XP level 2. HP: 22/29 MP: 1/1
   191 | D:1      | Reached skill level 1 in Throwing
  1061 | D:1      | Reached XP level 3. HP: 36/36 MP: 2/2
  2003 | D:2      | Reached XP level 4. HP: 44/44 MP: 2/2
  2291 | D:2      | Found an ancient bone altar of Kikubaaqudgha.
  3495 | D:3      | Reached skill level 5 in Unarmed Combat
  3558 | D:3      | Gained mutation: You have sharp toenails. [potion of mutation]
  3558 | D:3      | Gained mutation: Your vision is a little blurry. [potion of mutation]
  3558 | D:3      | Gained mutation: You possess an exceptional clarity of mind. [potion of mutation]
  3689 | D:4      | Reached XP level 5. HP: 53/53 MP: 2/2
  3784 | D:4      | Found Obriemp's Book Shoppe.
  3981 | D:4      | Noticed Sigmund
  3994 | D:4      | Slain by Sigmund

Action                   |  1- 3 |  4- 6 || total
-------------------------+-------+-------++-------
Melee: Unarmed           |   105 |   114 ||   219
Throw: Stone             |   125 |   102 ||   227
  Use: Scroll            |     1 |     9 ||    10
       Potion            |     1 |     5 ||     6
 Stab: Sleeping          |     1 |       ||     1
  Eat: Chunk             |    10 |    12 ||    22
       Meat ration       |     1 |     1 ||     2
       Beef jerky        |       |     1 ||     1

Vault maps used:
D:1:      wheals_arrival_shading, minmay_liquid_box
D:2:      lemuel_round_altar
D:4:      first_bread, serial_shops, shop_fountains, minmay_misc_feat_x,
          uniq_sigmund
